 Dungeon Crawl Stone Soup version 0.30-a0-719-gcc4359ea44 (webtiles) character file.

Game seed: 1479790367701147418

58 Newt the Trooper (level 3, -11/29 HPs)
             Began as a Demonspawn Gladiator on Jan 26, 2023.
             Mangled by an ogre
             ... wielding a +0 giant spiked club
              (22 damage)
             ... on level 2 of the Dungeon.
             The game lasted 00:01:09 (1164 turns).

Newt the Trooper (Demonspawn Gladiator)             Turns: 1164, Time: 00:01:09

Health: -11/29     AC: 14    Str: 16    XL:     3   Next: 75%
Magic:  3/3        EV: 12    Int:  9    God:
Gold:   51         SH:  0    Dex: 14    Spells: 2/2 levels left

rFire   . . .      SeeInvis .    n - +0 long sword (protect)
rCold   . . .      Faith    .    (no shield)
rNeg    . . .      Spirit   .    b - +0 leather armour
rPois   .          Reflect  .    (helmet restricted)
rElec   .          Harm     .    (no cloak)
rCorr   .          Rampage  .    (no gloves)
Will    .....                    (no boots)
Stlth   ++                       (no amulet)
HPRegen 0.24/turn                k - +4 ring of protection
MPRegen 0.08/turn                (no ring)

@: under a protective aura
A: antennae 1, weakness stinger 1
a: no special abilities


You were on level 2 of the Dungeon.
You visited 1 branch of the dungeon, and saw 2 of its levels.

You collected 51 gold pieces.

Inventory:

Hand Weapons
 a - a +0 rapier
 l - a +0 short sword of speed
 n - a +0 long sword of protection (weapon)
Missiles
 d - a throwing net (quivered)
 e - a javelin
Armour
 b - a +0 leather armour (worn)
 c - a +0 helmet
Jewellery
 f - an amulet of faith
 k - a +4 ring of protection (left hand)
 o - the ring of Zoxotujo {Wiz rC+ Int+5 Stlth+}
   (You found it on level 2 of the Dungeon)

   [ring of wizardry]

   It improves your spell success rate.
   Int:       It affects your intelligence (+5).
   rC:        It protects you from cold.
   Stlth:     It makes you more stealthy.
Potions
 g - a potion of invisibility
 h - a potion of berserk rage {unknown}
 i - 3 potions of haste {unknown}
 j - a potion of flight {unknown}
 m - a potion of degeneration {unknown}


   Skills:
 + Level 3.4 Fighting
 - Level 2.6 Short Blades
 - Level 1.7 Throwing
 - Level 2.6 Dodging
 - Level 2.0 Stealth


You had 2 spell levels left.
You didn't know any spells.
Your spell library was empty.

Dungeon Overview and Level Annotations

Branches:
Dungeon (2/15)

Altars:


Innate Abilities, Weirdness & Mutations

You have a pair of small antennae on your head.
You have a small tail.


Message History

An ogre comes into view. It is wielding a +0 giant spiked club.
The ogre shouts!
Found a scroll of identify.
The ogre hits you with a +0 giant spiked club!!
Ouch! That really hurt!
You are too injured to fight recklessly!
You are too injured to fight recklessly!
You are too injured to fight recklessly!
You are too injured to fight recklessly!
Throw: 3 throwing nets
Press: ? - help, Q - select action, (/) - cycle Shift-Dir - straight line, f - ogre
Aim: an ogre, wielding a +0 giant spiked club (74% to hit)
You throw a throwing net. The throwing net hits the ogre.
The ogre is caught in the net!
The ogre struggles against the net.
You hit the ogre.
Your weapon exudes an aura of protection.
The ogre is moderately wounded.
The ogre struggles against the net.
You slash the ogre!
The ogre is heavily wounded.
The ogre struggles against the net.
You hit the ogre.
The ogre is severely wounded.
The ogre struggles against the net. x2
You hit the ogre.
The ogre is almost dead.
The ogre struggles against the net.
The net rips apart, and the ogre comes free!
You hit the ogre.
Your tail-slap misses the ogre.
The ogre is almost dead.
The ogre barely misses you.
Throw: 2 throwing nets
Press: ? - help, Q - select action, (/) - cycle Shift-Dir - straight line, f/p - ogre
Aim: an ogre, wielding a +0 giant spiked club (almost dead, 74% to hit)
You throw a throwing net.
The throwing net barely misses the ogre.
The ogre hits you with a +0 giant spiked club!!
Ouch! That really hurt!
You die...

.#.#...# .#.#.#.#....
#(#?## .#...#...# .#
..#.. ...#.#.#.# .#
#.#.# ...#...#...
..#...# ...#.#.# #..
.#.#.## †....#... #.#
..#..# ...#.#.#.. ...
#O#.#
...#...##.###.##@..#
...#.#...........#.##
.....##.###.###.##..#
#..#...............##
#..##.###.###.###.##
#..##.# #.##.## ##
......###.##.#
.............#
..###.###.####


You could see an ogre.

Vanquished Creatures
  An adder (D:2)
  A worm (D:2)
  3 dart slugs
  4 ball pythons
  3 bats
  3 endoplasms (D:1)
  A giant cockroach (D:1)
  6 goblins
  A hobgoblin (D:1)
  2 quokkas (D:1)
  2 frilled lizards (D:1)
  5 kobolds (D:1)
  6 rats (D:1)
38 creatures vanquished.

Notes
Turn   | Place    | Note
-------+----------+-------------------------------------------
     0 | D:1      | Newt the Demonspawn Gladiator began the quest for the Orb.
     0 | D:1      | Reached XP level 1. HP: 16/16 MP: 1/1
   118 | D:1      | Reached skill level 1 in Stealth
   149 | D:1      | Discovered your monstrous ancestry.
   149 | D:1      | Gained mutation: You have a small tail. [demonic ancestry]
   149 | D:1      | Reached XP level 2. HP: 22/22 MP: 2/2
   403 | D:1      | Gained mutation: You have a pair of small antennae on your
                  | head. [demonic ancestry]
   403 | D:1      | Reached XP level 3. HP: 24/28 MP: 3/3
   849 | D:2      | Reached skill level 3 in Fighting
  1009 | D:2      | Identified the ring of Zoxotujo {Wiz rC+ Int+5 Stlth+}
  1156 | D:2      | Noticed an ogre
  1164 | D:2      | Mangled by an ogre

Illustrated notes

Levels and vault maps discovered:
D:1:      nagdon_arrival_double_spiral, layout_basic
D:2:      layout_basic, hellmonk_ecumenical_altar_leap_of_faith,
          nicolae_concentric_dashed_squares_wild, minmay_misc_feat_tiny,
          uniq_crazy_yiuf_cottage

Skill      XL: |  1  2  3 |
---------------+----------+-----
Stealth        | 1 2 |  2.0
Fighting       | 3 |  3.4
Short Blades   | |  2.6
Throwing       | |  1.7
Dodging        | |  2.6

Action                     || total
---------------------------++-------
  Melee: Rapier            ||    92
         Tailslap          ||     9
         Punch             ||     2
         Short sword       ||    35
         Long sword        ||    17
  Throw: Throwing net      ||     2
    Use: Scroll            ||     2
   Stab: Sleeping          ||     3
 Armour: Leather armour    ||    29
  Dodge: Dodged            ||    77

Table legend: (Time is in decaauts)
 A = Elapsed time spent in this place.
 B = Non-inter-level travel time spent in this place.
 C = Inter-level travel time spent in this place.
 D = Time resting spent in this place.
 E = Time spent auto-exploring this place.
 F = Levels seen in this place.
 G = Mean time per level.
                   A        B        C        D        E       F      G
               +--------+--------+--------+--------+--------+-----+--------+
         Total |   1158 |   1153 |      5 |    111 |    761 |   2 |  579.0 |
       Dungeon |   1158 |   1153 |      5 |    111 |    761 |   2 |  579.0 |
               +--------+--------+--------+--------+--------+-----+--------+

Top non-repeatable levels by time:
     D:1: 833 daAuts
     D:2: 325 daAuts
